 Dungeon Crawl Stone Soup version 0.27-a0-3-gcf006a40f5 (webtiles) character file.

Game seed: 16016324438270466135

2942 teolandon225 the Cleaver (level 9, -2/81 HPs)
             Began as a Minotaur Berserker on Jan 1, 2021.
             Was an Elder of Trog.
             Slain by a two-headed ogre
             ... wielding a +0 giant club
              (14 damage)
             ... on level 8 of the Dungeon.
             The game lasted 00:11:52 (8422 turns).

teolandon225 the Cleaver (Minotaur Berserker)       Turns: 8422, Time: 00:11:52

Health: -2/81      AC:  8    Str: 26    XL:     9   Next: 51%
Magic:  8/8        EV: 13    Int:  4    God:    Trog [****..]
Gold:   116        SH:  0    Dex:  9    Spells: 8/8 levels left

rFire    . . .     SeeInvis .   p - +1 war axe
rCold    . . .     Faith    .   (no shield)
rNeg     . . .     Spirit   .   h - +0 scale mail
rPois    .         Reflect  .   (helmet restricted)
rElec    .         Harm     .   (no cloak)
rCorr    .         Rampage  .   (no gloves)
Will     .....                  (no boots)
Stlth    ..........             (no amulet)
HPRegen  0.23/turn              (no ring)
MPRegen  0.11/turn              (no ring)

@: no status effects
A: retaliatory headbutt, horns 2
a: Renounce Religion, Berserk, Trog's Hand, Brothers in Arms


You were on level 8 of the Dungeon.
You worshipped Trog.
Trog was greatly pleased with you.
You visited 1 branch of the dungeon, and saw 8 of its levels.

You collected 264 gold pieces.
You spent 148 gold pieces at shops.

Inventory:

Hand Weapons
 a - a +0 hand axe
 g - a +0 dagger
 p - a +1 war axe (weapon)
Armour
 b - a +1 animal skin
 h - a +0 scale mail (worn)
Wands
 t - a wand of enslavement (14)
Scrolls
 d - 10 scrolls of remove curse
 e - 7 scrolls of teleportation
 f - 2 scrolls of fear
 n - 2 scrolls of fog
 o - 2 scrolls of identify
 r - 3 scrolls of blinking
 s - a scroll of enchant armour
Potions
 c - a potion of resistance
 i - 2 potions of heal wounds
 j - a potion of might
 k - 3 potions of degeneration
 l - a potion of berserk rage
 m - a potion of mutation
 q - 2 potions of attraction
 u - a potion of magic {unknown}
 v - a potion of flight {unknown}
 w - a potion of curing {unknown}


   Skills:
 + Level 8.0 Fighting
 * Level 10.6 Axes
 + Level 7.4 Armour
 + Level 6.8 Dodging


You had 8 spell levels left.
You didn't know any spells.
Your spell library was empty.

Dungeon Overview and Level Annotations

Branches:
Dungeon (8/15)             Temple (0/1) D:6
   Lair: D:8-11

Altars:
Cheibriados
Kikubaaqudgha
Qazlal
Trog
The Shining One

Shops:
D:5 ?


Innate Abilities, Weirdness & Mutations

You reflexively headbutt those who attack you in melee.
You have a pair of horns on your head.


Message History

Your Fighting skill increases to level 8!
There is a stone staircase leading down here.
You climb downwards.
The two-headed ogre hits you with a +0 giant club.
The two-headed ogre hits you with a +0 giant spiked club.
There is a stone staircase leading up, spattered with blood here.
You slash the two-headed ogre! You headbutt the two-headed ogre.
The two-headed ogre is moderately wounded.
The two-headed ogre hits you with a +0 giant club.
The two-headed ogre closely misses you.
You slash the two-headed ogre! You headbutt the two-headed ogre!
The two-headed ogre is heavily wounded.
The two-headed ogre hits you with a +0 giant club!
The two-headed ogre hits you with a +0 giant spiked club!!
You barely miss the two-headed ogre.
The two-headed ogre is heavily wounded.
The two-headed ogre hits you with a +0 giant club!!
* * * LOW HITPOINT WARNING * * *
The two-headed ogre hits you with a +0 giant spiked club!
You die...

..# #.# #.# #.# #.# #.#
#.### ###...##### #
#.......@.#
#...####.###.###O#
#........# #.# #.#
#########.# #.# #.#
....#####l# #.###.####
...l'.....# #.##.....#
...O###...###.###.##.###
#l. #................#
#. #.......######.#.#


You could see a two-headed ogre.

Vanquished Creatures
  A wyvern (D:7)
  5 yaks (D:8)
  2 ice beasts
  A centaur (D:7)
  2 ogres
  A big kobold (D:5)
  3 bullfrogs (D:7)
  A scorpion (D:4)
  4 wights (D:6)
  A hound (D:4)
  2 bullfrog zombies
  5 orc priests
  2 bullfrog skeletons
  10 orc wizards
  A centaur skeleton (D:6)
  A gnoll shaman (D:7)
  An iguana (D:4)
  6 worker ants
  A hound zombie (D:7)
  A hound skeleton (D:7)
  A worker ant zombie (D:7)
  7 gnolls
  15 adders
  2 white imps (D:6)
  2 ufetubi
  3 worms
  A dart slug (D:2)
  5 leopard geckos
  15 orcs
  11 giant cockroaches
  8 goblins
  6 hobgoblins
  14 jackals
  13 kobolds
  5 quokkas
  A bat (D:2)
  5 frilled lizards
  A quokka skeleton (D:5)
  12 rats
178 creatures vanquished.

Vanquished Creatures (others)
  6 plants (D:5)
6 creatures vanquished.

Grand Total: 184 creatures vanquished

Notes
Turn   | Place    | Note
-------+----------+-------------------------------------------
     0 | D:1      | teolandon225 the Minotaur Berserker began the quest for the
                  | Orb.
     0 | D:1      | Reached XP level 1. HP: 19/19 MP: 0/0
   259 | D:1      | Reached XP level 2. HP: 22/27 MP: 1/1
   426 | D:1      | Reached skill level 4 in Axes
  1245 | D:1      | Reached ** piety under Trog
  1450 | D:2      | Reached XP level 3. HP: 32/33 MP: 2/2
  2390 | D:2      | Found a stormy altar of Qazlal.
  2458 | D:2      | Reached XP level 4. HP: 40/40 MP: 3/3
  2898 | D:3      | Reached skill level 5 in Axes
  3028 | D:3      | Reached XP level 5. HP: 39/47 MP: 4/4
  3649 | D:3      | Reached *** piety under Trog
  4053 | D:4      | Reached XP level 6. HP: 41/55 MP: 5/5
  4060 | D:4      | Reached skill level 5 in Fighting
  4060 | D:4      | Reached skill level 6 in Axes
  4270 | D:4      | Found a snail-covered altar of Cheibriados.
  4531 | D:4      | Reached XP level 7. HP: 61/61 MP: 6/6
  4896 | D:5      | Entered Level 5 of the Dungeon
  4915 | D:5      | Reached skill level 7 in Axes
  5007 | D:5      | Found an ancient bone altar of Kikubaaqudgha.
  5121 | D:5      | Reached skill level 5 in Armour
  5218 | D:5      | Reached **** piety under Trog
  5301 | D:5      | Found Fyruuf's Magic Scroll Boutique.
  5305 | D:5      | Reached skill level 5 in Dodging
  5305 | D:5      | Reached XP level 8. HP: 70/70 MP: 7/7
  5316 | D:5      | Bought a scroll of teleportation for 33 gold pieces
  5316 | D:5      | Bought a scroll of enchant armour for 82 gold pieces
  5316 | D:5      | Bought a scroll of teleportation for 33 gold pieces
  5417 | D:6      | Found a bloodstained altar of Trog.
  5425 | D:6      | Reached skill level 8 in Axes
  6247 | D:6      | Found a staircase to the Ecumenical Temple.
  6635 | D:6      | Found a glowing golden altar of the Shining One.
  6798 | D:6      | Reached skill level 9 in Axes
  7615 | D:7      | Reached XP level 9. HP: 51/79 MP: 8/8
  8190 | D:8      | Reached skill level 10 in Axes
  8390 | D:8      | Noticed a two-headed ogre
  8422 | D:8      | Slain by a two-headed ogre

Illustrated notes

Levels and vault maps discovered:
D:1:      scummos_arrival_star, layout_loops_cross, serial_co_window_serial,
          co_window_paths_a, co_window_corner_a, co_window_corner_a,
          co_window_paths_a, co_window_paths_b, co_window_paths_c,
          co_window_of_opportunity_b, co_window_cross_3, co_window_broadway_a,
          co_window_4corner_b, glass_columns_b
D:2:      layout_rooms, nicolae_qazlal_eye_of_the_storm, minmay_tetromino_t4
D:3:      layout_basic
D:4:      layout_gridville, nicolae_overflow_crystal_walls
D:5:      layout_rooms, basic_altar, serial_shops, nicolae_shop_stone,
          nrook_campfire, lexackson_kobold_supper
D:6:      layout_gridville, bloody_trog, nicolae_tso_carved_into_rock,
          minmay_temple_entry_waves, gup_sewer_entry_bubbles
D:7:      layout_cave_pools, minmay_misc_feat_alley
D:8:      kennysheep_blocky_room, layout_loops_ring, david_lair_generic,
          serial_shops, nicolae_shop_stone, minivault_19,
          chequers_serial_rivers_micro_c, dk_vineyard_3

Skill      XL: |  1  2  3  4  5  6  7  8  9 |
---------------+----------------------------+-----
Axes           | 4 5 6 7 9 10 | 10.6
Fighting       | 4 5 6 7 8 |  8.0
Armour         | 3 4 5 6 7 |  7.4
Dodging        | 3 4 5 6 |  6.8

Action                   |  1- 3 |  4- 6 |  7- 9 || total
-------------------------+-------+-------+-------++-------
Melee: Hand axe          |    84 |   114 |     4 ||   202
       Headbutt          |     3 |    27 |    44 ||    74
       War axe           |       |       |   217 ||   217
Invok: Berserk           |     3 |     5 |     7 ||    15
  Use: Scroll            |     4 |     8 |     6 ||    18
 Stab: Distracted        |       |       |     1 ||     1
Armor: Animal skin       |    17 |     8 |       ||    25
       Scale mail        |       |    13 |    91 ||   104
Dodge: Dodged            |    63 |    75 |   133 ||   271

Table legend: (Time is in decaauts)
 A = Elapsed time spent in this place.
 B = Non-inter-level travel time spent in this place.
 C = Inter-level travel time spent in this place.
 D = Time resting spent in this place.
 E = Time spent auto-exploring this place.
 F = Levels seen in this place.
 G = Mean time per level.
                   A        B        C        D        E       F      G
               +--------+--------+--------+--------+--------+-----+--------+
         Total |   8627 |   8294 |    333 |   1810 |   5123 |   8 | 1078.4 |
       Dungeon |   8627 |   8294 |    333 |   1810 |   5123 |   8 | 1078.4 |
               +--------+--------+--------+--------+--------+-----+--------+

Top non-repeatable levels by time:
     D:6: 1953 daAuts
     D:1: 1845 daAuts
     D:3: 1186 daAuts
     D:2: 1060 daAuts
     D:7: 950 daAuts
     D:4: 910 daAuts
     D:5: 548 daAuts
     D:8: 172 daAuts
